 Dungeon Crawl Stone Soup version 0.22-a0-136-g83a10e5 (webtiles) character file.

16251 varam the Cleaver (level 12, -5/106 HPs)
             Began as a Hill Orc Fighter on Feb 4, 2018.
             Was an Elder of Makhleb.
             Slain by a stone giant (20 damage)
             ... on level 1 of the Orcish Mines.
             The game lasted 00:34:29 (13872 turns).

varam the Cleaver (Hill Orc Fighter)               Turns: 13872, Time: 00:34:30

Health: -5/106     AC: 21    Str: 20    XL:     12   Next: 35%
Magic:  19/19      EV:  9    Int: 12    God:    Makhleb [****..]
Gold:   1305       SH: 13    Dex: 10    Spells: 9/11 levels left

rFire    . . .     SeeInvis +   S - +0 broad axe
rCold    . . .     Gourm    .   c - +1 shield
rNeg     . . .     Faith    .   u - +0 plate armour
rPois    +         Spirit   .   g - +0 helmet
rElec    .         Reflect  .   z - +0 cloak {rPois}
rCorr    .         Harm     .   d - +2 pair of gloves
MR       .....                  y - +0 pair of boots
Stlth    ..........             (no amulet)
HPRegen  0.27/turn              e - +2 ring of evasion
MPRegen  0.16/turn              x - ring of see invisible

@: no status effects
A: no striking features
a: Minor Destruction, Lesser Servant of Makhleb, Major Destruction, Renounce
Religion


You were on level 1 of the Orcish Mines.
You worshipped Makhleb.
Makhleb was greatly pleased with you.
You were hungry.

You visited 3 branches of the dungeon, and saw 16 of its levels.
You also visited: Bailey.

You collected 1501 gold pieces.
You spent 196 gold pieces at shops.

Inventory:

Hand Weapons
 Q - the +3 short sword "Lastrino" {drain, Int+2 Stlth+}
   (You found it on level 7 of the Dungeon)

   A truly terrible weapon, it drains the life of those it strikes.
   It affects your intelligence (+2).
   It makes you more stealthy.
 S - a +0 broad axe (weapon)
Missiles
 a - 2 throwing nets
 R - 26 tomahawks of returning (quivered)
Armour
 c - a +1 shield (worn)
 d - a +2 pair of gloves (worn)
 g - a +0 helmet (worn)
 u - a +0 plate armour (worn)
 y - a +0 pair of boots (worn)
 z - a +0 cloak of poison resistance (worn)
Jewellery
 e - a +2 ring of evasion (left hand)
 x - a ring of see invisible (right hand)
 C - a +3 ring of intelligence
Wands
 o - a wand of iceblast (5)
 K - a wand of paralysis (9)
 P - a wand of acid (5)
 V - a wand of enslavement (10)
Scrolls
 h - 11 scrolls of remove curse
 i - 4 scrolls of teleportation
 k - 2 scrolls of magic mapping
 H - a scroll of silence
 L - 2 scrolls of fog
 M - 2 scrolls of fear
 N - a scroll of blinking
Potions
 b - a potion of flight
 j - 4 potions of heal wounds
 l - 6 potions of curing
 m - 2 potions of invisibility
 s - a potion of resistance
 v - 2 potions of lignification
 D - 2 potions of agility
 E - 2 potions of mutation
 F - 2 potions of degeneration
 G - a potion of berserk rage
 O - a potion of ambrosia {unknown}
 T - a potion of brilliance {unknown}
Miscellaneous
 U - a sack of spiders
 Z - a phial of floods
Comestibles
 f - 31 rations
 n - 6 chunks of flesh


   Skills:
 + Level 10.2 Fighting
 * Level 12.5 Axes
 - Level 8.0 Armour
 + Level 3.2 Dodging
 * Level 11.7 Shields
 + Level 2.7 Earth Magic
 + Level 10.2 Invocations


You had 9 spell levels left.
You knew the following spells:

 Your Spells              Type           Power        Failure   Level  Hunger
a - Passwall              Tmut/Erth      #.........   100%        2    ###....


Dungeon Overview and Level Annotations

Branches:
Dungeon (12/15)            Temple (0/1) D:7            Lair (2/6) D:9
    Orc (2/2) D:12
  Swamp: Lair:2-4    Shoals: Lair:2-4     Snake: Lair:2-4    Spider: Lair:2-4
    Elf: Orc:2

Altars:
Ashenzari
Cheibriados
Dithmenos
Elyvilon
Fedhas
Hepliaklqana
Kikubaaqudgha
Makhleb
Okawaru
Ru
Sif Muna
Uskayaw
Xom
Yredelemnul
Zin

Shops:
D:8 ?

Portals:
Trove: D:11 (give +7 demon blade)

Annotations:
D:9 exclusion: door


Message History

You slash the stone giant!
The stone giant is severely wounded.
The stone giant hits you!!
* * * LOW HITPOINT WARNING * * *
You slash the stone giant!
The stone giant is almost dead.
The stone giant hits you.
* * * LOW HITPOINT WARNING * * *
You hit the stone giant.
The stone giant is almost dead.
You are feeling hungry.
You block the stone giant's attack.
You hit the stone giant.
The stone giant is almost dead.
The stone giant hits you.
* * * LOW HITPOINT WARNING * * *
You hit the stone giant.
The stone giant is almost dead.
The stone giant hits you!!
You die...

.......$......#....
##................#
..................#
.....>............#
.........#.....#.##
.......[)#........##
..##...[...........##
#.....#....#.......#
#........C@..#...#.###
##.#..............##.#
###..................
#....#...........#.
#.#.#............##
...#..............#
$.##.............##
........>.........##
#.....$............#


You could see a stone giant.

Vanquished Creatures
  A fire dragon (Lair:2)
  2 unseen horrors (D:10)
  The ghost of wintastic the Cleaver, a novice DDFi (D:6)
  2 manticores (D:12)
  Maurice (D:8)
  Joseph (D:8)
  3 spiny frogs
  2 komodo dragons
  2 hellwings (D:8)
  A troll (D:12)
  The ghost of varam the Chopper, an amateur HOFi (D:4)
  4 blink frogs
  2 hippogriffs
  A meliai zombie (D:8)
  A wyvern (Lair:1)
  Grum (D:9)
  A hungry ghost (D:10)
  3 water moccasins
  2 porcupines
  11 orc warriors
  2 ice beasts
  3 sky beasts
  A necrophage (D:7)
  5 ogres
  9 wolves
  4 centaurs
  A crocodile (Lair:2)
  Blork the orc (D:6)
  2 big kobolds (D:12)
  7 bullfrogs
  A wyvern zombie (D:8)
  2 scorpions
  10 killer bees
  4 howler monkeys
  2 crimson imps
  4 hounds
  8 orc priests
  A bullfrog zombie (D:10)
  4 centaur zombies
  4 gnoll shamans
  6 jellies
  5 centaur skeletons
  7 orc wizards
  Jessica (D:3)
  3 iguanas
  7 worker ants
  A hound skeleton (D:7)
  16 gnolls
  8 adders
  6 shadow imps
  14 oozes
  3 adder skeletons
  2 worms
  4 dart slugs
  2 leopard geckos
  42 orcs
  10 bats
  3 giant cockroaches
  7 goblins
  9 hobgoblins
  17 jackals
  34 kobolds
  A quokka (D:2)
  2 ball pythons (D:2)
  3 frilled lizards
  A quokka skeleton (D:6)
  A quokka zombie (D:9)
  9 rats
  A fungus (D:4)
343 creatures vanquished.

Vanquished Creatures (others)
  5 dream sheep (D:9)
  A plant (D:9)
  6 toadstools (D:4)
  2 withered plants (D:8)
14 creatures vanquished.

Grand Total: 357 creatures vanquished

Notes
Turn   | Place    | Note
-------+----------+-------------------------------------------
     0 | D:1      | varam the Hill Orc Fighter began the quest for the Orb.
     0 | D:1      | Reached XP level 1. HP: 19/19 MP: 1/1
   158 | D:1      | Reached skill level 3 in Axes
   221 | D:1      | Reached XP level 2. HP: 26/26 MP: 2/2
   352 | D:1      | Reached skill level 4 in Axes
   353 | D:1      | Reached XP level 3. HP: 31/31 MP: 3/3
   822 | D:2      | Found a faded altar of an unknown god.
   959 | D:2      | Reached skill level 4 in Shields
  1009 | D:2      | Found a shattered altar of Ashenzari.
  1012 | D:2      | Reached XP level 4. HP: 38/39 MP: 4/4
  1053 | D:2      | Found a sacrificial altar of Ru.
  1108 | D:2      | Reached skill level 5 in Axes
  1493 | D:3      | Noticed an ogre
  1502 | D:3      | Killed an ogre
  1502 | D:3      | Reached skill level 6 in Axes
  1502 | D:3      | Reached XP level 5. HP: 38/45 MP: 5/5
  1823 | D:3      | Noticed Jessica
  1833 | D:3      | Killed Jessica
  2063 | D:4      | Noticed a sky beast
  2082 | D:4      | Killed a sky beast
  2082 | D:4      | Reached skill level 7 in Axes
  2082 | D:4      | Reached skill level 5 in Shields
  2082 | D:4      | Reached XP level 6. HP: 33/51 MP: 6/6
  2714 | D:4      | Reached skill level 8 in Axes
  2721 | D:4      | Reached XP level 7. HP: 39/57 MP: 7/7
  3124 | D:4      | Found a snail-covered altar of Cheibriados.
  3124 | D:4      | Noticed varam's ghost (amateur HOFi)
  3136 | D:4      | Killed varam's ghost
  3136 | D:4      | Reached skill level 9 in Axes
  3136 | D:4      | Reached skill level 6 in Shields
  3141 | D:4      | Became a worshipper of Cheibriados the Contemplative
  3165 | D:4      | Found a burning altar of Makhleb.
  3210 | D:4      | Fell from the grace of Cheibriados
  3210 | D:4      | Became a worshipper of Makhleb the Destroyer
  3305 | D:4      | Found a glowing silver altar of Zin.
  3329 | D:4      | Found a hazy altar of Hepliaklqana.
  3362 | D:4      | Reached XP level 8. HP: 35/64 MP: 8/8
  3468 | D:5      | Entered Level 5 of the Dungeon
  3481 | D:5      | Reached skill level 10 in Axes
  3556 | D:5      | Found a basalt altar of Yredelemnul.
  3601 | D:5      | Reached skill level 1 in Invocations
  3640 | D:5      | Found a hide-covered altar of Uskayaw.
  3858 | D:5      | Learned a level 2 spell: Passwall
  4082 | D:6      | Reached skill level 4 in Fighting
  4105 | D:6      | Reached skill level 2 in Invocations
  4112 | D:6      | Found an iron altar of Okawaru.
  4213 | D:6      | Noticed Blork the orc
  4235 | D:6      | Killed Blork the orc
  4258 | D:6      | Noticed wintastic's ghost (novice DDFi)
  4293 | D:6      | Killed wintastic's ghost
  4293 | D:6      | Reached skill level 5 in Fighting
  4293 | D:6      | Reached skill level 4 in Armour
  4293 | D:6      | Reached skill level 7 in Shields
  4293 | D:6      | Reached skill level 4 in Invocations
  4293 | D:6      | Reached XP level 9. HP: 30/74 MP: 9/12
  4296 | D:6      | HP: 1/74 [ogre/giant club (16)]
  4599 | D:6      | Reached skill level 5 in Armour
  5114 | D:6      | Reached * piety under Makhleb
  5237 | D:7      | Reached skill level 6 in Fighting
  5237 | D:7      | Reached skill level 8 in Shields
  5237 | D:7      | Reached skill level 5 in Invocations
  5607 | D:7      | Found a staircase to the Ecumenical Temple.
  5732 | D:7      | Reached skill level 6 in Armour
  6028 | D:7      | Got a bloodstained short sword
  6029 | D:7      | Identified the +3 short sword "Lastrino" {drain, Int+2 Stlth+} (You found it on level 7 of the Dungeon)
  6304 | D:7      | Found a blossoming altar of Fedhas.
  6373 | D:8      | Found a flagged portal.
  6450 | D:8      | Noticed Maurice
  6505 | D:8      | Noticed a worldbinder
  6525 | D:7      | Reached skill level 6 in Invocations
  6743 | D:8      | Was forgiven by Cheibriados
  6767 | D:8      | Found a white marble altar of Elyvilon.
  6772 | D:8      | Reached skill level 7 in Fighting
  6856 | D:8      | Reached XP level 10. HP: 43/86 MP: 14/14
  6912 | Bailey   | Entered a bailey
  7017 | Bailey   | Reached ** piety under Makhleb
  7100 | Bailey   | Reached skill level 9 in Shields
  7215 | Bailey   | Found a bloodstained altar of Trog.
  7332 | D:8      | Reached skill level 7 in Invocations
  7365 | D:8      | Reached skill level 7 in Armour
  7398 | D:8      | Found Gyzeyfue's Magic Scroll Shoppe.
  7406 | D:8      | Bought 2 scrolls of identify for 56 gold pieces
  7406 | D:8      | Bought a scroll of identify for 28 gold pieces
  7424 | D:8      | Bought a scroll of identify for 28 gold pieces
  7424 | D:8      | Bought a scroll of identify for 28 gold pieces
  7424 | D:8      | Bought a scroll of identify for 28 gold pieces
  7424 | D:8      | Bought a scroll of identify for 28 gold pieces
  7509 | D:8      | Reached skill level 8 in Fighting
  7572 | D:8      | Reached skill level 8 in Invocations
  7643 | D:8      | Reached skill level 8 in Armour
  7803 | D:8      | Reached skill level 10 in Shields
  7803 | D:8      | Reached XP level 11. HP: 71/95 MP: 17/17
  7957 | D:8      | Killed Maurice
  7957 | D:8      | Reached skill level 9 in Fighting
  7957 | D:8      | Reached skill level 1 in Dodging
  8064 | D:8      | Noticed Joseph
  8080 | D:8      | Killed Joseph
  8311 | D:8      | Reached *** piety under Makhleb
  8317 | D:8      | Reached skill level 9 in Invocations
  8584 | D:9      | Found a staircase to the Lair.
  8635 | D:9      | Found a shadowy altar of Dithmenos.
  8698 | D:9      | Noticed Grum
  8717 | D:9      | Killed Grum
  8939 | D:9      | Found a deep blue altar of Sif Muna.
  8964 | D:9      | Found a shimmering altar of Xom.
  9369 | D:10     | Entered Level 10 of the Dungeon
  9523 | D:10     | Noticed an unseen horror
  9548 | D:10     | Killed an unseen horror
  9548 | D:10     | Reached skill level 11 in Axes
  9751 | D:10     | Noticed an unseen horror
  9758 | D:10     | Reached skill level 2 in Dodging
  9772 | D:10     | Killed an unseen horror
 10026 | D:11     | Reached **** piety under Makhleb
 10227 | D:11     | Found a portal to a secret trove of treasure.
 10274 | D:11     | Found an ancient bone altar of Kikubaaqudgha.
 10615 | D:12     | Found a staircase to the Orcish Mines.
 11122 | D:12     | Reached skill level 11 in Shields
 11151 | D:12     | Reached skill level 1 in Earth Magic
 11243 | D:12     | Noticed a manticore
 11257 | D:12     | Killed a manticore
 11338 | D:12     | Noticed a manticore
 11355 | D:12     | Killed a manticore
 11709 | Lair:1   | Entered Level 1 of the Lair of Beasts
 12134 | Lair:1   | Reached XP level 12. HP: 106/106 MP: 19/19
 12336 | Lair:1   | Reached skill level 12 in Axes
 12563 | Lair:1   | Reached skill level 2 in Earth Magic
 12568 | Lair:1   | Reached skill level 10 in Invocations
 12588 | Lair:1   | Reached skill level 10 in Fighting
 12588 | Lair:1   | Reached skill level 3 in Dodging
 13064 | Lair:2   | Noticed a fire dragon
 13090 | Lair:2   | Killed a fire dragon
 13511 | Lair:2   | Noticed a five-headed hydra
 13731 | Orc:1    | Entered Level 1 of the Orcish Mines
 13770 | Orc:1    | Noticed a stone giant
 13776 | Orc:2    | Entered Level 2 of the Orcish Mines
 13872 | Orc:1    | Slain by a stone giant

Vault maps used:
D:1:      giann_wishing_wells
D:2:      ashenzari_altar_1, chequers_ecumenical_altar_simple_redux,
          nicolae_ru_great_annihilating_truth
D:3:      kennysheep_nub, minmay_vboxes, uniq_jessica
D:4:      cheibrodos_fertilizer, old_standard_altar, lightli_temple_of_fire,
          lemuel_doored_altar, overflow_temple_1_default, first_ration,
          guppyfry_early_lair_pool
D:5:      yredelemnul_altar_generic, eat_drink_and_be_merry_uskayaw
D:6:      okawaru_ov_weapons_minmay, uniq_blork_the_orc
D:7:      minmay_temple_entry_fiery, fedhas_altar_4
D:8:      cheibrodos_grave_circle, old_standard_altar, enter_bailey_8,
          serial_shops, nicolae_shop_statue_plus,
          hangedman_little_slice_of_home, uniq_joseph, uniq_maurice
D:9:      kb_xom_exploding_sheep, kennysheep_little_box, led_sif_book,
          david_lair_shrubbed, serial_co_window_serial, co_window_paths_b,
          co_window_paths_a, co_window_paths_b, co_window_paths_a,
          co_window_paths_a, co_window_2corner, co_window_2corner,
          co_window_corner_b, co_window_cross_3, glass_columns_c, uniq_grum
D:11:     basic_altar, trove_entry_hex_spiral
D:12:     david_orc_2, hangedman_decor_growths
Lair:1:   infiniplex_staircase_pool_2
Lair:2:   dragon1_lemuel
Orc:2:    st_orc_pillars
Bailey:   bailey_axe_3, bailey

Skill      XL: |  1  2  3  4  5  6  7  8  9 10 11 12 |
---------------+-------------------------------------+-----
Axes           | 3 4 6 7 8 9 10 11 12 | 12.5
Shields        | 4 5 6 7 8 10 11 | 11.7
Invocations    | 4 6 8 9 10 | 10.2
Fighting       | 5 7 8 9 10 | 10.2
Armour         | 4 6 8 |  8.0
Dodging        | 2 3 |  3.2
Earth Magic    | 1 2 |  2.7

Action                   |  1- 3 |  4- 6 |  7- 9 | 10-12 || total
-------------------------+-------+-------+-------+-------++-------
Melee: War axe           |   144 |   191 |   465 |    17 ||   817
       Broad axe         |       |       |       |   820 ||   820
       Hand axe          |       |       |       |    11 ||    11
Throw: Tomahawk          |       |       |       |     2 ||     2
Invok: Minor Destruction |       |       |       |     1 ||     1
Evoke: Wand              |       |       |     3 |     8 ||    11
  Use: Scroll            |       |     3 |       |    19 ||    22
       Potion            |       |       |     3 |     4 ||     7
 Stab: Paralysed         |       |     2 |       |    14 ||    16
  Eat: Chunk             |     1 |     5 |    12 |    26 ||    44
       Ration            |       |       |     1 |       ||     1
Armor: Scale mail        |    87 |       |       |       ||    87
       Plate armour      |       |   132 |   241 |   400 ||   773
Dodge: Dodged            |    66 |    49 |   100 |   235 ||   450
Block: Shield            |    86 |   118 |   289 |   541 ||  1034

Table legend:
 A = Spawn XP
 B = Non-spawn XP
 C = Spawn XP percentage of total XP
 D = Spawn monster count
 E = Non-spawn monster count
 F = Spawn count percentage of total count
 G = Total turns spent on level
                    A         B        C        D         E        F      G
               +---------+---------+-------+---------+---------+-------+---------
         Total |       0 |   23217 |   0.0 |       0 |     343 |   0.0 | 13872
               +---------+---------+-------+---------+---------+-------+---------
           D:1 |       0 |      50 |   0.0 |       0 |      25 |   0.0 |   752
           D:2 |       0 |      47 |   0.0 |       0 |      27 |   0.0 |   525
           D:3 |       0 |     252 |   0.0 |       0 |      23 |   0.0 |  1006
           D:4 |       0 |     943 |   0.0 |       0 |      35 |   0.0 |  1185
           D:5 |       0 |     231 |   0.0 |       0 |      10 |   0.0 |   590
           D:6 |       0 |    1413 |   0.0 |       0 |      26 |   0.0 |  1088
           D:7 |       0 |    1198 |   0.0 |       0 |      18 |   0.0 |  1421
           D:8 |       0 |    5970 |   0.0 |       0 |      51 |   0.0 |  1504
           D:9 |       0 |    1624 |   0.0 |       0 |      15 |   0.0 |   975
          D:10 |       0 |    2598 |   0.0 |       0 |      26 |   0.0 |   681
          D:11 |       0 |      63 |   0.0 |       0 |       6 |   0.0 |   551
          D:12 |       0 |    2731 |   0.0 |       0 |      41 |   0.0 |  1224
        Lair:1 |       0 |    2467 |   0.0 |       0 |      10 |   0.0 |  1075
        Lair:2 |       0 |    3036 |   0.0 |       0 |      13 |   0.0 |   850
         Orc:1 |       0 |     182 |   0.0 |       0 |       5 |   0.0 |    70
        Bailey |       0 |     412 |   0.0 |       0 |      12 |   0.0 |   373
               +---------+---------+-------+---------+---------+-------+---------
